 Dungeon Crawl Stone Soup version 0.28.0-43-g3370ac3207 (webtiles) character file.

Game seed: 3873274381211723008

349 unlimited1921 the Magician (level 6, -1/45 HPs)
             Began as a Djinni Fire Elementalist on Mar 7, 2022.
             Was an Initiate of Gozag.
             Slain by a lemure (8 damage)
             ... led by Pikel
             ... on level 3 of the Dungeon.
             The game lasted 00:16:38 (6843 turns).

unlimited1921 the Magician (DjFE)                   Turns: 6843, Time: 00:16:38

Health: -1/45      AC:  3    Str:  7    XL:     6   Next: 92%
Gold:   103        EV: 12    Int: 18    God:    Gozag SH:  0 Dex: 14

rFire   + + .      SeeInvis .   l - +0 flail
rCold   x . .      Faith    .   (no shield)
rNeg    . . .      Spirit   .   a - +0 robe
rPois   ∞          Reflect  .   (no helmet)
rElec   .          Harm     .   (no cloak)
rCorr   .          Rampage  .   e - +0 pair of gloves
Will    .....                   (boots unavailable)
Stlth   ++........              (no amulet)
HPRegen 0.15/turn               (no ring)
MPRegen 0.00/turn               (no ring)

@: flying
A: sickness immunity, fire resistance 2, cold vulnerability 1, float, innate
caster, HP casting, extra vitality 1
a: Renounce Religion, Potion Petition, Call Merchant, Bribe Branch


You were on level 3 of the Dungeon.
You worshipped Gozag.
Gozag was aware of your devotion.
You visited 1 branch of the dungeon, and saw 4 of its levels.

You collected 131 gold pieces.
You paid 28 gold pieces to Gozag.

Inventory:

Hand Weapons
 h - a +0 whip
 k - a +0 short sword
 l - a +0 flail (weapon)
 o - a +0 dagger of draining
Missiles
 i - a throwing net
 j - 107 stones
 p - 31 bolts
Armour
 a - a +0 robe (worn)
 e - a +0 pair of gloves (worn)
Wands
 m - a wand of iceblast (7) (quivered)
 q - a wand of mindburst (14)
Scrolls
 c - a scroll of blinking {unknown}
 d - a scroll of magic mapping {unknown}
 g - a scroll of amnesia {unknown}
Potions
 b - a potion of flight {unknown}
 f - 2 potions of attraction {unknown}
 n - 3 potions of lignification {unknown}
 r - 2 potions of might {unknown}


   Skills:
 * Level 2.8 Fighting
 + Level 2.6 Dodging
 + Level 2.5 Stealth
 + Level 4.5 Spellcasting


You couldn't memorise any spells.
You knew the following spells:

 Your Spells              Type           Power      Damage    Failure   Level
a - Foxfire               Conj/Fire      80%        2x1d8     2%          1
b - Scorch                Fire           40%        2d7       3%          2
c - Conjure Flame         Conj/Fire      20%        6-21      6%          3
d - Inner Flame           Hex/Fire       20%        N/A       6%          3
e - Flame Wave            Conj/Fire      20%        2d7       22%         4
f - Sandblast             Erth           40%        2d10      2%          1
g - Call Imp              Summ           20%        N/A       3%          2
Your spell library was empty.

Dungeon Overview and Level Annotations

Branches:
Dungeon (4/15)
 Temple: D:4-7

Altars:
Gozag

Shops:
D:1 *


Innate Abilities, Weirdness & Mutations

You are immune to sickness and miasma.
You are immune to poison.
Your flesh is very heat resistant. (rF++)
You are vulnerable to cold. (rC-)
You float through the air rather than walking.
You learn spells naturally, not from books.
Your magical power is your life essence.
You have superior vitality. (+4 MHP)


Message History

Confirm with . or Enter, or press ? or * to list all spells.
You miscast Scorch.
You are very lightly contaminated with residual magic.
Nothing appears to happen.
* * * LOW HITPOINT WARNING * * *
Your magical contamination has completely faded away.
The lemure closely misses you.
Casting: Scorch (safe; 3% risk of failure)
Confirm with . or Enter, or press ? or * to list all spells.
Flames lash the lemure.
The lemure is moderately wounded.
The lemure's fire resistance burns away.
* * * LOW HITPOINT WARNING * * *
The lemure closely misses you.
Press: ? - help, v - describe, . - travel
Here: a lemure (moderately wounded, more vulnerable to fire)
The floor.
Casting: Scorch (safe; 3% risk of failure)
Confirm with . or Enter, or press ? or * to list all spells.
Aiming: Sandblast (safe; 2% risk of failure)
Press: ? - help, Shift-Dir - straight line, f - lemure
Aim: a lemure (moderately wounded, more vulnerable to fire, 76% to hit)
The blast of sand hits the lemure but does no damage.
The lemure is moderately wounded.
j - 108 stones
* * * LOW HITPOINT WARNING * * *
The lemure hits you.
* * * LOW HITPOINT WARNING * * *
Casting: Sandblast (safe; 2% risk of failure)
Confirm with . or Enter, or press ? or * to list all spells.
Aiming: Sandblast (safe; 2% risk of failure)
Press: ? - help, Shift-Dir - straight line, f/p - lemure
Aim: a lemure (moderately wounded, more vulnerable to fire, 76% to hit)
The blast of sand hits the lemure.
The lemure is heavily wounded.
j - 107 stones
* * * LOW HITPOINT WARNING * * *
The lemure hits you!
You die...
Your body crumbles into a pile of gold.

###........#.#.......#
#..............#####.#
#.#.#..###.........#.###
#.#......##.#.####.....#
#.###..#.##.#.####.#.#.###
#...........#.#..........#
########.####.#.##.#...#.#
#####.####5#.##.###...##
#..........@.).)#......#####
#.###.........#[)....#.##...
#.###.........###^..........
#.##..........# #..###.##>..
#.##.#......>.# #..###.#####
#.##.#........# #......#
#......######## ##.#####
####.######### #.#
#............#####.########


You could see a lemure (combustible).

Vanquished Creatures
  A lemure (D:4)
  A scorpion (D:4)
  3 hounds (D:3)
  10 gnolls
  2 adders (D:3)
  A white imp (D:3)
  A dart slug (D:1)
  A worm (D:2)
  4 orcs (D:3)
  3 bats (D:1)
  7 endoplasms
  A giant cockroach (D:3)
  5 hobgoblins
  3 jackals (D:2)
  3 kobolds
  6 quokkas
  7 ball pythons
  3 frilled lizards
  8 goblins
  5 rats
  2 bushes (D:3)
77 creatures vanquished.

Vanquished Creatures (collateral kills)
  A goblin (D:2)
  2 foxfires (D:3)
3 creatures vanquished.

Vanquished Creatures (others)
  169 foxfires
169 creatures vanquished.

Grand Total: 249 creatures vanquished

Notes
Turn   | Place    | Note
-------+----------+-------------------------------------------
     0 | D:1      | unlimited1921 the Djinni Fire Elementalist began the quest
                  | for the Orb.
     0 | D:1      | Reached XP level 1. HP: 15/15 MP: 0/0
   250 | D:1      | Found Latixer's General Store.
   443 | D:1      | Reached XP level 2. HP: 18/21 MP: 0/0
  1690 | D:1      | Reached XP level 3. HP: 24/26 MP: 0/0
  1690 | D:1      | Learned a level 1 spell: Sandblast
  1833 | D:1      | Reached skill level 1 in Fighting
  1948 | D:1      | Reached skill level 3 in Spellcasting
  2162 | D:1      | Found a faded altar of an unknown god.
  3199 | D:2      | Reached XP level 4. HP: 27/32 MP: 0/0
  4013 | D:2      | Reached XP level 5. HP: 35/38 MP: 0/0
  4013 | D:2      | Learned a level 2 spell: Call Imp
  5837 | D:3      | Reached skill level 4 in Spellcasting
  5837 | D:3      | Reached XP level 6. HP: 23/44 MP: 0/0
  6548 | D:3      | Found an opulent altar of Gozag.
  6572 | D:3      | Became a worshipper of Gozag Ym Sagoz the Greedy
  6843 | D:3      | Slain by a lemure

Illustrated notes

Levels and vault maps discovered:
D:1:      dpeg_arrival_stonehenge_8_columns, layout_loops_ring, serial_shops,
          nicolae_diamond_shop, shapermc_ecumenical_altar_venn
D:2:      layout_loops_corners
D:3:      layout_loops_cross, nicolae_gozag_seed_capital,
          kennysheep_cluttered_room, cheibrodos_gnoll_hut
D:4:      layout_cave_pods, kennysheep_mini_moat, biasface_ghost_orc_armoury,
          portal_sewer_entry_a, amcnicky_mini_rare_corridor_liquid,
          kennysheep_crisscross, uniq_pikel, uniq_crazy_yiuf_cottage

Skill      XL: |  1  2  3  4  5 |
---------------+----------------+-----
Fighting       | 1 2 |  2.8
Spellcasting   | 3 4 |  4.5
Stealth        | 2 |  2.5
Dodging        | |  2.6

Action                   |  1- 3 |  4- 6 || total
-------------------------+-------+-------++-------
 Cast: Foxfire           |    55 |    52 ||   107
       Scorch            |     4 |    37 ||    41
       Sandblast         |     3 |    10 ||    13
       Call Imp          |       |     6 ||     6
       Inner Flame       |       |     1 ||     1
Armor: Robe              |     1 |     6 ||     7
Dodge: Dodged            |     4 |    16 ||    20
